 Dungeon Crawl Stone Soup version 0.30-a0-777-ga9a30cbeda (webtiles) character file.

Game seed: 5828680340505002217

378 sanka the Shooter (level 6, -2/48 HPs)
             Began as a Demigod Hunter on Feb 14, 2023.
             Succumbed to a hornet's poison
             ... on level 6 of the Dungeon.
             The game lasted 00:04:21 (2686 turns).

sanka the Shooter (Demigod Hunter)                  Turns: 2686, Time: 00:04:21

Health: -2/48      AC:  5    Str: 18    XL:     6   Next: 21%
Magic:  1/8        EV: 12    Int: 11    God:
Gold:   216        SH:  0    Dex: 25    Spells: 5/5 levels left

rFire   . . .      SeeInvis .    a - +0 shortbow
rCold   . . .      Faith    .    (shield currently unavailable)
rNeg    . . .      Spirit   +    c - +0 leather armour
rPois   .          Reflect  .    q - +0 helmet
rElec   .          Harm     .    k - +0 cloak
rCorr   .          Rampage  .    (no gloves)
Will    .....                    (no boots)
Stlth   ++                       s - amulet of guardian spirit
HPRegen 0.28/turn                z - +6 ring of strength
MPRegen 0.11/turn                (no ring)

@: lethally poisoned (-2 -> -12), slowed, very slow
A: high MP 1, forlorn, divine attributes
a: no special abilities


You were on level 6 of the Dungeon.
You visited 1 branch of the dungeon, and saw 7 of its levels.

You collected 216 gold pieces.


Innate Abilities, Weirdness & Mutations

You have an increased reservoir of magic. (+10% MP)
You shall have no god before yourself.
Your divine heritage dramatically boosts your attributes as you level up.


   Skills:
 - Level 2.0 Fighting
 + Level 7.1 Ranged Weapons
 - Level 1.7 Dodging
 - Level 0.8 Stealth


You had 5 spell levels left.
You didn't know any spells.
Your spell library contained the following spells:

 Spells                   Type           Power      Damage    Failure   Level
 Freeze                   Ice            0%         1d3       38%         1
 Summon Small Mammal      Summ           0%         N/A       38%         1
 Call Canine Familiar     Summ           0%         N/A       77%         3
 Frozen Ramparts          Ice            0%         1d1       77%         3
 Hailstorm                Conj/Ice       0%         3d3       77%         3
 Ozocubu's Armour         Ice            0%         N/A       77%         3
 Summon Guardian Golem    Hex/Summ       0%         N/A       77%         3
 Dragon Form              Tmut           0%         N/A       100%        7
 Ozocubu's Refrigeration  Ice            0%         4d7       100%        7
 Necromutation            Tmut/Necr      0%         N/A       100%        8

Inventory:

Hand Weapons
 a - a +0 shortbow (weapon)
Armour
 c - a +0 leather armour (worn)
 k - a +0 cloak (worn)
 q - a +0 helmet (worn)
Jewellery
 s - an amulet of guardian spirit (around neck)
 w - a ring of fire
 z - a +6 ring of strength (left hand)
Wands
 t - a wand of acid (10)
Scrolls
 b - a scroll of immolation {!r}
 d - 3 scrolls of enchant armour {unknown}
 e - a scroll of noise {unknown}
 f - 4 scrolls of fog {unknown}
 j - 2 scrolls of identify {unknown}
 l - a scroll of brand weapon {unknown}
 n - a scroll of fear {unknown}
 p - 3 scrolls of teleportation {unknown}
 r - 2 scrolls of enchant weapon {unknown}
 y - a scroll of silence {unknown}
 A - a scroll of poison {unknown}
Potions
 g - 2 potions of lignification {unknown}
 h - a potion of might {unknown}
 i - 3 potions of attraction {unknown}
 m - 2 potions of mutation {unknown}
 o - 4 potions of curing {unknown}
 u - 4 potions of magic {unknown}
 v - a potion of heal wounds {unknown}
 x - 2 potions of haste {unknown}

Dungeon Overview and Level Annotations

Branches:
Dungeon (7/15)
 Temple: D:4-7

Shops:
D:2 *   D:6 *

Annotations:
D:4 3 runed translucent doors, Flugslaktarn's ghost, amateur OpFi
D:5 2 transporters, ThereIsNoGod's ghost, novice OpFi

(. .▒ .▒▒▒▒▒
▒▒▒▒▒▒▒▒▒▒▒▒▒▒.....▒
▒........<▒▒....▒
▒.▒▒▒▒▒▒▒.▒▒.▒▒▒▒
▒......▒▒....▒
▒..#...∩.≈.▒
▒▒...▒▒...p▒▒▒▒
▒▒▒▒.....y...<▒ ▒.▒
▒.▒........... ▒.▒
▒.▒▒▒▒▒▒▒▒.▒▒▒
▒.▒▒▒▒▒.▒ ▒
▒......[▒ ..▒▒▒▒▒.▒
▒▒▒▒▒.▒ ▒.▒ ▒
.)....▒ ▒.▒▒▒▒.▒▒


You could see a hornet.


Message History

The hornet misses you. The hornet stings you.
You are poisoned.
You feel as though you will be slow longer.
You shoot an arrow. The arrow closely misses the hornet.
You feel very sick. The hornet stings you!
* * * LOW HITPOINT WARNING * * *
You are more poisoned.
You feel as though you will be slow longer.
The hornet stings you.
* * * LOW HITPOINT WARNING * * *
You feel as though you will be slow longer.
The hornet stings you!
* * * LOW HITPOINT WARNING * * *
You feel as though you will be slow longer.
You shoot an arrow. The arrow completely misses the hornet.
* * * LOW HITPOINT WARNING * * *
You feel very sick. The hornet misses you.
The hornet stings you but does no damage.
The hornet stings you.
* * * LOW HITPOINT WARNING * * *
You feel as though you will be slow longer.
Unknown command.
You shoot an arrow. The arrow closely misses the hornet.
You die...

Action                     |  1- 3 |  4- 6 || total
---------------------------+-------+-------++-------
   Fire: Shortbow          |   142 |   135 ||   277
 Armour: Leather armour    |    20 |    21 ||    41
  Dodge: Dodged            |    53 |    36 ||    89

Levels and vault maps discovered:
D:1:      ebering_hopf_link, layout_rooms
D:2:      layout_loops_ring, serial_shops, nicolae_shop_advertising_works
          [nicolae_subvault_shop_adworks],
          shapermc_ecumenical_altar_mp_urbaneastern
D:3:      layout_basic
D:4:      layout_rooms, gammafunk_temple_overflow_pools, gammafunk_ghost_split,
          nrook_mini_backslash, kennysheep_donut
D:5:      layout_loops_ring, gammafunk_ghost_mausoleum
D:6:      layout_loops_ring, nicolae_evil_shop
D:7:      layout_gridville, minmay_temple_entry_nine_rooms, minmay_nine_imps,
          uniq_crazy_yiuf_cottage

Notes
Turn   | Place    | Note
-------+----------+-------------------------------------------
     0 | D:1      | sanka the Demigod Hunter began the quest for the Orb.
     0 | D:1      | Reached XP level 1. HP: 17/17 MP: 3/3
    26 | D:1      | Reached skill level 2 in Fighting
    63 | D:1      | HP: 1/17 [jackal (3)]
   173 | D:1      | Reached skill level 4 in Ranged Weapons
   232 | D:1      | Reached XP level 2. HP: 23/24 MP: 4/4
   614 | D:2      | Reached XP level 3. HP: 14/29 MP: 5/5
   889 | D:2      | Got the Codex of Composition
   913 | D:2      | Found Seungeon's Assorted Antiques.
  1360 | D:3      | Reached skill level 5 in Ranged Weapons
  1419 | D:3      | Reached XP level 4. HP: 33/36 MP: 4/6
  1809 | D:4      | Found a runed translucent gate.
  1809 | D:4      | Found a runed translucent gate.
  1809 | D:4      | Found a runed translucent gate.
  1810 | D:4      | Noticed Flugslaktarn's ghost (amateur OpFi)
  1810 | D:4      | Noticed a bullfrog
  1891 | D:4      | Reached skill level 6 in Ranged Weapons
  1891 | D:4      | Reached XP level 5. HP: 35/41 MP: 4/7
  2553 | D:5      | Entered Level 5 of the Dungeon
  2577 | D:5      | Noticed ThereIsNoGod's ghost (novice OpFi)
  2580 | D:5      | Found a transporter.
  2582 | D:5      | Found a transporter.
  2618 | D:6      | Reached XP level 6. HP: 48/48 MP: 8/8
  2623 | D:6      | Reached skill level 7 in Ranged Weapons
  2652 | D:6      | Found Soxim's Sacrilege Store.
  2678 | D:6      | Noticed a hornet
  2681 | D:6      | Paralysed by a hornet for 1 turns
  2685 | D:6      | HP: 3/48 [poisoned by a hornet]
  2685 | D:6      | HP: 1/48 [hornet (2)]
  2686 | D:6      | Succumbed to a hornet's poison

Vanquished Creatures
  A phantom (D:4)
  A scorpion (D:4)
  3 hounds
  6 adders
  An ufetubus (D:4)
  A dart slug (D:3)
  4 worms
  2 orcs
  4 endoplasms
  5 giant cockroaches
  9 goblins
  10 hobgoblins
  7 jackals (D:1)
  7 quokkas
  4 ball pythons
  4 bats
  5 frilled lizards
  4 kobolds
  6 rats
84 creatures vanquished.

Vanquished Creatures (others)
  3 fungi (D:2)
  8 plants (D:2)
11 creatures vanquished.

Grand Total: 95 creatures vanquished
